 Dungeon Crawl Stone Soup version 0.30-a0-159-g068b764562 (webtiles) character file.

Game seed: 8400163818152847866

227 Anon1729 the Gusty (level 6, -1/32 HPs)
             Began as a Kobold Air Elementalist on Sept 27, 2022.
             Killed by nerve-wracking pain
             ... invoked by an orc priest
              (14 damage)
             ... on level 3 of the Dungeon.
             The game lasted 00:06:22 (4037 turns).

Anon1729 the Gusty (Kobold Air Elementalist)        Turns: 4037, Time: 00:06:23

Health: -1/32      AC:  4    Str:  6    XL:     6   Next: 22%
Magic:  11/11      EV: 15    Int: 18    God:
Gold:   144        SH:  0    Dex: 15    Spells: 1/11 levels left

rFire   . . .      SeeInvis .    g - +0 spear
rCold   . . .      Faith    .    (no shield)
rNeg    . . .      Spirit   .    a - +0 robe
rPois   .          Reflect  .    u - +0 helmet
rElec   .          Harm     .    (no cloak)
rCorr   .          Rampage  .    p - +0 pair of gloves
Will    .....                    (no boots)
Stlth   ++++......               (no amulet)
HPRegen 0.10/turn                c - ring of flight
MPRegen 0.12/turn                (no ring)

@: attractive, flying
A: small, no large weapons, nightstalker 3
a: no special abilities


You were on level 3 of the Dungeon.
You visited 1 branch of the dungeon, and saw 3 of its levels.

You collected 144 gold pieces.

Inventory:

Hand Weapons
 g - a +0 spear (weapon)
 l - a +1 whip of pain
Missiles
 d - 6 atropa-tipped darts
 q - 2 curare-tipped darts
Armour
 a - a +0 robe (worn)
 p - a +0 pair of gloves (worn)
 u - a +0 helmet (worn)
Jewellery
 c - a ring of flight (left hand)
Scrolls
 e - a scroll of amnesia {unknown}
 h - a scroll of enchant armour {unknown}
 j - 3 scrolls of identify {unknown}
 k - 2 scrolls of magic mapping {unknown}
 n - a scroll of vulnerability {unknown}
 r - a scroll of immolation {unknown}
 s - a scroll of torment {unknown}
 t - a scroll of teleportation {unknown}
Potions
 f - a potion of curing
 i - 2 potions of berserk rage {unknown}
 m - 2 potions of attraction
 o - a potion of brilliance {unknown}
 v - a potion of mutation {unknown}


   Skills:
 + Level 3.5 Dodging
 + Level 3.9 Stealth
 * Level 3.4 Spellcasting
 * Level 2.8 Conjurations
 + Level 0.3 Translocations
 + Level 0.3 Fire Magic
 * Level 4.0 Air Magic


You had one spell level left.
You knew the following spells:

 Your Spells              Type           Power      Damage    Failure   Level
a - Shock                 Conj/Air       60%        1d6       3%          1
b - Static Discharge      Conj/Air       30%        2-4/arc   6%          2
c - Airstrike             Air            8%         2d(2-18)  30%         4
d - Kindle Blastsparks    Fire/Tloc/Air  16%        2d11      26%         3

Your spell library contained the following spells:

 Spells                   Type           Power      Damage    Failure   Level
 Magic Dart               Conj           52%        1d5       4%          1
 Sandblast                Erth           6%         2d5       16%         1
 Swiftness                Air            17%        N/A       9%          3
 Poisonous Vapours        Pois/Air       20%        N/A       11%         2
 Cigotuvi's Dreadful Rot  Necr/Pois/Air  14%        N/A       14%         2
 Mephitic Cloud           Conj/Pois/Air  11%        N/A       19%         3
 Call Imp                 Summ           3%         N/A       24%         2
 Passwall                 Tmut/Erth      2%         N/A       24%         2
 Stone Arrow              Conj/Erth      16%        3d8       26%         3
 Iskenderun's Mystic Bla  Conj/Tloc      8%         2d4       63%         4
 Fulminant Prism          Conj/Hex       4%         3d6       65%         4
 Lee's Rapid Deconstruct  Erth           1%         3d5*      99%         5


Dungeon Overview and Level Annotations

Branches:
Dungeon (3/15)

Altars:


Innate Abilities, Weirdness & Mutations

You are small and have problems with some larger weapons.
You are completely attuned to the shadows.


Message History

The orc priest mumbles some strange prayers to Beogh against you.
Beogh smites you! The orc hits you with a +0 hand axe.
Casting: Static Discharge (safe; 6% risk of failure)
Confirm with . or Enter, or press ? or * to list all spells.
The orc priest is struck by an arc of lightning.
The orc priest is heavily wounded.
You are struck by an arc of lightning.
The orc priest is struck by an arc of lightning.
The orc priest is almost dead.
The lightning grounds out.
The orc is struck by an arc of lightning.
The orc resists.
The orc is lightly wounded.
You are struck by an arc of lightning.
The lightning grounds out.
The orc priest closely misses you.
An orc comes into view. It is wielding a +0 hand axe.
Casting: Static Discharge (safe; 6% risk of failure)
Confirm with . or Enter, or press ? or * to list all spells.
You don't have enough magic to cast this spell.
Unknown command.
Unknown command.
It was a potion of curing.
You feel better.
The orc priest hits you with a +0 hand axe.
The orc misses you.
The orc priest mumbles some strange prayers to Beogh against you.
Beogh smites you!
You feel better.
The orc priest looks satisfied for a moment.
The orc priest calls upon Beogh to heal the orc.
The orc's wounds heal themselves!
The orc closely misses you.
Unknown command.
It was a potion of attraction.
You feel attractive to monsters.
The orc priest hits you with a +0 hand axe.
The orc misses you. The orc priest is attracted toward you.
Unknown command.
Magic courses through your body.
The orc priest invokes the aid of Beogh against you.
Pain shoots through your body!
You die...

############
#.)........#
#.@o.......#
#.oo.......#
#..o§).....####
#....).........
#....).....#####
#....).o........
#.....÷.....#######
..............
...÷##########


You could see 2 orc priests and 2 orcs.

Vanquished Creatures
  An orc priest (D:3)
  An orc wizard (D:3)
  4 gnolls (D:3)
  7 adders
  2 worms (D:3)
  2 dart slugs
  4 orcs (D:3)
  3 ball pythons
  8 endoplasms
  6 goblins
  2 hobgoblins
  4 jackals (D:3)
  3 quokkas
  4 bats
  3 frilled lizards (D:2)
  3 kobolds
  6 rats
63 creatures vanquished.

Notes
Turn   | Place    | Note
-------+----------+-------------------------------------------
     0 | D:1      | Anon1729 the Kobold Air Elementalist began the quest for
                  | the Orb.
     0 | D:1      | Reached XP level 1. HP: 10/10 MP: 3/3
   250 | D:1      | Reached XP level 2. HP: 15/15 MP: 3/5
  1111 | D:1      | Reached XP level 3. HP: 19/19 MP: 3/6
  1267 | D:1      | Found a faded altar of an unknown god.
  2033 | D:2      | Reached XP level 4. HP: 24/24 MP: 5/8
  2570 | D:2      | Reached XP level 5. HP: 28/28 MP: 3/9
  4002 | D:3      | Learned a level 2 spell: Static Discharge
  4007 | D:3      | Learned a level 4 spell: Airstrike
  4011 | D:3      | Learned a level 3 spell: Kindle Blastsparks
  4025 | D:3      | Reached skill level 4 in Air Magic
  4025 | D:3      | Reached XP level 6. HP: 32/32 MP: 4/11
  4037 | D:3      | Killed from afar by an orc priest

Illustrated notes

Levels and vault maps discovered:
D:1:      minmay_arrival_stone_box, layout_loops_ring,
          shapermc_ecumenical_altar_pompeii, kennysheep_pointless_box, hex_tiny,
          minmay_tree_intersection, minmay_3d_cube
D:2:      layout_rooms, kennysheep_generic_room_12
D:3:      layout_rooms

Skill      XL: |  1  2  3  4  5 |
---------------+----------------+-----
Stealth        | 3 |  3.9
Dodging        | 3 |  3.5
Conjurations   | 2 |  2.8
Spellcasting   | 3 |  3.4
Air Magic      | 4 |  4.0
Translocations | |  0.3
Fire Magic     | |  0.3

Action                   |  1- 3 |  4- 6 || total
-------------------------+-------+-------++-------
Melee: Unarmed           |     1 |       ||     1
       Spear             |    27 |    35 ||    62
 Cast: Shock             |    64 |    94 ||   158
       Static Discharge  |       |     4 ||     4
  Use: Potion            |       |     4 ||     4
 Stab: Sleeping          |     1 |       ||     1
Armor: Robe              |     9 |    15 ||    24
Dodge: Dodged            |    46 |    86 ||   132

Table legend: (Time is in decaauts)
 A = Elapsed time spent in this place.
 B = Non-inter-level travel time spent in this place.
 C = Inter-level travel time spent in this place.
 D = Time resting spent in this place.
 E = Time spent auto-exploring this place.
 F = Levels seen in this place.
 G = Mean time per level.
                   A        B        C        D        E       F      G
               +--------+--------+--------+--------+--------+-----+--------+
         Total |   4047 |   3900 |    147 |    993 |   2381 |   3 | 1349.0 |
       Dungeon |   4047 |   3900 |    147 |    993 |   2381 |   3 | 1349.0 |
               +--------+--------+--------+--------+--------+-----+--------+

Top non-repeatable levels by time:
     D:2: 1651 daAuts
     D:1: 1577 daAuts
     D:3: 818 daAuts
